 Dungeon Crawl Stone Soup version 0.29.1-12-g30fa7ad0bf (webtiles) character file.

Game seed: 12944323482769847850

2661 cdecastro the Cleaver (level 9, -1/67 HPs)
             Began as a Palentonga Fighter on Dec 16, 2022.
             Was a Follower of Yredelemnul.
             Slain by a wraith (6 damage)
             ... on level 7 of the Dungeon.
             The game lasted 00:11:54 (8629 turns).

cdecastro the Cleaver (Palentonga Fighter)          Turns: 8629, Time: 00:11:55

Health: -1/67      AC: 16    Str: 24    XL:     9   Next: 36%
Magic:  11/11      EV:  8    Int:  9    God:    Yredelemnul [*.....]
Gold:   428        SH:  0    Dex: 11    Spells: 8/8 levels left

rFire   . . .      SeeInvis +   a - +0 war axe
rCold   . . .      Faith    .   (no shield)
rNeg    . . .      Spirit   .   n - +0 ring mail {Will+}
rPois   .          Reflect  .   (no helmet)
rElec   .          Harm     .   (no cloak)
rCorr   .          Rampage  .   k - +2 pair of gloves
Will    +....                   (no barding)
Stlth   +.........              (no amulet)
HPRegen 0.21/turn               j - ring of wizardry
MPRegen 0.12/turn               (no ring)

@: slowed, curled up, very slow
A: large, rugged brown scales 3, see invisible, deformed body, roll 1, armoured
tail, reflexive curl
a: Rolling Charge, Renounce Religion, Recall Undead Harvest


You were on level 7 of the Dungeon.
You worshipped Yredelemnul.
Yredelemnul was noncommittal.
You visited 2 branches of the dungeon, and saw 8 of its levels.
You also visited: Ossuary.

You collected 428 gold pieces.

Inventory:

Hand Weapons
 a - a +0 war axe (weapon)
 C - a +1 flail of protection
Missiles
 v - 5 javelins
Armour
 k - a +2 pair of gloves (worn)
 n - a +0 ring mail of willpower (worn)
Jewellery
 j - a ring of wizardry (left hand)
 w - an amulet of guardian spirit
Wands
 d - a wand of polymorph (3)
 g - a wand of digging (6)
 t - a wand of flame (7)
 E - a wand of light (17)
Scrolls
 b - a scroll of noise {unknown}
 i - a scroll of immolation {unknown}
 o - 6 scrolls of magic mapping {unknown}
 q - a scroll of torment {unknown}
 r - a scroll of teleportation {unknown}
 s - a scroll of acquirement {unknown}
 x - a scroll of fog {unknown}
 y - 5 scrolls of blinking {unknown}
 A - 2 scrolls of identify
 B - 4 scrolls of poison {unknown}
 D - a scroll of vulnerability {unknown}
Potions
 c - 2 potions of brilliance
 e - a potion of attraction
 f - a potion of mutation {unknown}
 h - a potion of resistance
 l - 5 potions of curing
 m - a potion of heal wounds
 p - a potion of cancellation
 u - 4 potions of lignification
 z - 2 potions of ambrosia


   Skills:
 - Level 3.0 Fighting
 + Level 12.5 Axes
 - Level 2.4 Armour
 - Level 2.6 Shields
 - Level 3.0 Invocations


You had 8 spell levels left.
You didn't know any spells.
Your spell library contained the following spells:

 Spells                   Type           Power      Damage    Failure   Level
 Ensorcelled Hibernation  Hex/Ice        0%         N/A       34%         2
 Passwall                 Tmut/Erth      0%         N/A       34%         2
 Static Discharge         Conj/Air       0%         3-3/arc   34%         2
 Conjure Flame            Conj/Fire      0%         6-21      56%         3
 Ignite Poison            Fire/Tmut/Pois 0%         N/A       56%         3
 Ozocubu's Armour         Ice            0%         N/A       56%         3
 Swiftness                Air            0%         N/A       56%         3
 Dispel Undead            Necr           0%         3d6       91%         4
 Sticky Flame             Conj/Fire      0%         2d3       91%         4
 Ozocubu's Refrigeration  Ice            0%         4d7       100%        7


Dungeon Overview and Level Annotations

Branches:
Dungeon (7/15)             Temple (1/1) D:6         Ossuary (visited)

Altars:
Ashenzari
Cheibriados
Dithmenos
Elyvilon
Fedhas
Gozag
Hepliaklqana
Kikubaaqudgha
Makhleb
Nemelex Xobeh
Okawaru
Qazlal
Ru
Sif Muna
Trog
Vehumet
Wu Jian
Yredelemnul
Zin
The Shining One

Annotations:
Temple 4 transporters


Innate Abilities, Weirdness & Mutations

You are completely covered in rugged brown scales. (AC +3, +7% HP)
You have supernaturally acute eyesight. (SInv)
Armour fits poorly on your strangely shaped body.
You can roll at nearby foes to attack.
You have a long armoured tail.
You curl defensively after being hit. (AC +7*)


Message History

You slash the wraith!
Your tail-slap misses the wraith.
The wraith is moderately damaged.
The wraith hits you!
The orc wizard jeers repeatedly.
Unknown command.
You barely miss the wraith.
The wraith is moderately damaged.
Your steam dragon zombie closely misses the wraith.
Your steam dragon zombie claws the wraith but does no damage.
Unknown command.
Your steam dragon zombie bites the wraith but does no damage.
Your steam dragon zombie barely misses the wraith.
Unknown command.
You slash the skeletal warrior!
The skeletal warrior is lightly damaged.
You hit the wraith. The wraith hits you. The wraith drains your vigour!
You feel yourself slow down.
The skeletal warrior hits you with a +0 flail!
* * * LOW HITPOINT WARNING * * *
Your steam dragon zombie bites the wraith but does no damage.
Your steam dragon zombie barely misses the wraith.
You catch the helpless wraith completely off-guard!
You hit the wraith but do no damage.
Your tail-slap misses the wraith.
The wraith is heavily damaged.
You slash the skeletal warrior! The wraith hits you.
* * * LOW HITPOINT WARNING * * *
The wraith drains your vigour!
You feel as though you will be slow longer.
The skeletal warrior hits you with a +0 flail!
* * * LOW HITPOINT WARNING * * *
The wraith hits you but does no damage.
The skeletal warrior hits you with a +0 flail!
* * * LOW HITPOINT WARNING * * *
Your steam dragon zombie completely misses the wraith.
Your steam dragon zombie claws the wraith.
You hit the wraith but do no damage.
The wraith is severely damaged.
You closely miss the skeletal warrior. The wraith hits you.
You die...
Your body rises from the dead as a mindless zombie.

#### ### .... .. ...
#.. ... .. .. #.. #
#.. .# #.##'#
#'##..##..## ##.##.#
.....#... #.....#
........ #.....+
###.###... ##..###
#.@WZZ##..####..##
#.##z##Z##........# #.
#WJJ##.##.......# #.
#..o..##Z#.......# #
#).....$#.#.......#
#=)?⌠(!:#...#..#### #
#$..!..!#Z#.#..#####
#.##..$..##.#.........
#. ##.##........>


You could see a skeletal warrior, 2 slime creatures, a wraith (ally target), an
orc wizard, a friendly steam dragon zombie, a friendly orc zombie and a friendly
orc wizard zombie.

Vanquished Creatures
  2 gargoyles
  A steam dragon (D:7)
  Menkaure (D:5)
  A black bear (D:4)
  A sky beast (D:7)
  An ice beast (D:7)
  2 centaurs
  2 phantoms (D:5)
  An elf zombie (Ossuary)
  3 bullfrogs
  A scorpion (D:5)
  3 electric eels (D:6)
  A jelly (D:4)
  3 orc priests
  2 hounds
  3 iguanas
  3 orc wizards
  A hound zombie (Ossuary)
  5 mummies
  10 adders
  3 gnolls (D:6)
  A shadow imp (D:5)
  An adder zombie (Ossuary)
  2 worms
  3 dart slugs
  11 orcs
  4 ball pythons
  4 bats
  6 endoplasms
  3 giant cockroaches
  7 hobgoblins
  2 jackals (D:4)
  8 kobolds
  5 quokkas
  2 frilled lizards
  3 goblins
  2 goblin zombies (Ossuary)
  5 hobgoblin zombies (Ossuary)
  3 orc zombies
  7 rats
  A rat zombie (Ossuary)
130 creatures vanquished.

Vanquished Creatures (collateral kills)
  A bullfrog (D:7)
  A jelly (D:5)
  An iguana (D:4)
  2 orc wizards (D:7)
  A gnoll (D:6)
  2 adders
  A giant cockroach (D:4)
9 creatures vanquished.

Vanquished Creatures (others)
  A centaur zombie (D:6)
  An adder zombie (D:5)
  An iguana zombie (D:4)
  A hobgoblin zombie (D:4)
  A kobold zombie (D:4)
  An orc zombie (D:5)
  4 plants
10 creatures vanquished.

Grand Total: 149 creatures vanquished

Notes
Turn   | Place    | Note
-------+----------+-------------------------------------------
     0 | D:1      | cdecastro the Palentonga Fighter began the quest for the
                  | Orb.
     0 | D:1      | Reached XP level 1. HP: 19/19 MP: 1/1
   344 | D:1      | Reached XP level 2. HP: 12/25 MP: 2/2
   670 | D:1      | Reached skill level 3 in Axes
  1038 | D:2      | Reached XP level 3. HP: 20/31 MP: 3/3
  1292 | D:2      | Reached skill level 4 in Axes
  1437 | D:2      | Reached XP level 4. HP: 36/37 MP: 4/4
  2091 | D:3      | Found a basalt altar of Yredelemnul.
  2173 | D:3      | Found a blossoming altar of Fedhas.
  2370 | D:3      | Found a sparkling altar of Nemelex Xobeh.
  2654 | D:3      | Reached skill level 5 in Axes
  3002 | D:3      | Became a worshipper of Yredelemnul the Dark
  3119 | D:4      | Reached XP level 5. HP: 24/43 MP: 5/5
  3305 | D:4      | Reached * piety under Yredelemnul
  3371 | D:4      | Noticed a black bear
  3382 | D:4      | Killed a black bear
  3383 | D:4      | Reached skill level 6 in Axes
  3404 | D:4      | Reached XP level 6. HP: 23/50 MP: 6/6
  3836 | D:4      | Reached ** piety under Yredelemnul
  3878 | D:4      | Found a white marble altar of Elyvilon.
  4288 | D:5      | Entered Level 5 of the Dungeon
  4288 | D:5      | Noticed Menkaure
  4371 | D:5      | Reached skill level 7 in Axes
  4371 | D:5      | Reached skill level 1 in Invocations
  4450 | D:5      | Found a sand-covered staircase.
  4538 | Ossuary  | Entered an ossuary
  4553 | Ossuary  | Gained mutation: You curl defensively after being hit. (AC
                  | +7*) [Palentonga growth]
  4553 | Ossuary  | Reached XP level 7. HP: 38/55 MP: 7/9
  5113 | D:5      | Reached skill level 8 in Axes
  5401 | D:5      | Killed Menkaure
  5586 | D:5      | Found a sacrificial altar of Ru.
  5586 | D:5      | Found a radiant altar of Vehumet.
  5694 | D:6      | Reached skill level 9 in Axes
  5694 | D:6      | Reached XP level 8. HP: 49/62 MP: 10/10
  5973 | D:6      | Found a staircase to the Ecumenical Temple.
  6725 | D:6      | Found a glowing silver altar of Zin.
  6950 | Temple   | Entered the Ecumenical Temple
  6950 | Temple   | Found a transporter.
  6950 | Temple   | Found a transporter.
  6952 | Temple   | Found a transporter.
  6952 | Temple   | Found a transporter.
  7007 | D:7      | Reached skill level 10 in Axes
  7363 | D:7      | Noticed a gargoyle
  7700 | D:6      | Killed a gargoyle
  7701 | D:6      | Reached skill level 11 in Axes
  8052 | D:6      | Reached XP level 9. HP: 30/67 MP: 11/11
  8267 | D:7      | Noticed a gargoyle
  8291 | D:7      | HP: 3/67 [gargoyle/+0 mace (12)]
  8292 | D:7      | Killed a gargoyle
  8293 | D:7      | Reached skill level 12 in Axes
  8622 | D:7      | Noticed a skeletal warrior
  8629 | D:7      | Slain by a wraith

Illustrated notes

Levels and vault maps discovered:
D:1:      reono_arrival_mine, layout_loops_ring
D:2:      layout_rooms, minmay_pentomino_t4
D:3:      layout_loops_corners, mainiacjoe_overflow_tiny_flanked,
          amcnicky_altar_gilded, fedhas_altar_1
D:4:      nicolae_cairo_tiling_large, layout_rooms, mainiacjoe_overflow_brackets
D:5:      layout_cave_pools, gammafunk_temple_overflow_wave,
          nicolae_ossuary_entry_giza, uniq_menkaure
D:6:      layout_basic, mainiacjoe_overflow_alcove_2,
          minmay_temple_entry_junction, serial_bayou_ford_a
D:7:      minmay_the_grid_octo_triangle [minmay_the_grid_octo_77,
          minmay_the_grid_octo_prize_big_c, minmay_the_grid_octo_thin_diamonds],
          layout_gridville, ebering_ghost_disaster_area, uniq_maggie
Temple:   hellmonk_temple_divided_pantheon

Skill      XL: |  1  2  3  4  5  6  7  8  9 |
---------------+----------------------------+-----
Axes           | 3 4 5 6 7 9 11 12 | 12.5
Invocations    | 3 |  3.0
Fighting       | |  3.0
Armour         | |  2.4
Shields        | |  2.6

Action                   |  1- 3 |  4- 6 |  7- 9 || total
-------------------------+-------+-------+-------++-------
Melee: War axe           |    87 |   147 |   197 ||   431
       Tailslap          |    10 |    12 |    25 ||    47
       Punch             |     1 |     3 |     2 ||     6
Invok: Dark Bargain      |       |     2 |       ||     2
       Recall Undead Har |       |     1 |       ||     1
 Abil: Rolling Charge    |     1 |       |     7 ||     8
Evoke: Wand              |       |       |     5 ||     5
  Use: Potion            |       |     1 |     4 ||     5
       Scroll            |       |       |    10 ||    10
 Stab: Distracted        |       |     1 |     1 ||     2
Armor: Scale mail        |    22 |       |       ||    22
       Ring mail         |    46 |    73 |   111 ||   230
Dodge: Dodged            |    51 |    53 |    82 ||   186
Block: Buckler           |     5 |       |       ||     5
